 Dungeon Crawl Stone Soup version 0.30-a0-219-gf2db51d15e (webtiles) character file.

Game seed: 2047465683896996936

2272 quinnr the Arsonist (level 9, -9/82 HPs)
             Began as a Naga Fire Elementalist on Oct 5, 2022.
             Was a Believer of Cheibriados.
             Mangled by a slime creature (11 damage)
             ... on level 7 of the Dungeon on Oct 6, 2022.
             The game lasted 00:18:22 (8546 turns).

quinnr the Arsonist (Naga Fire Elementalist)        Turns: 8546, Time: 00:18:23

Health: -9/82      AC:  7    Str: 16    XL:     9   Next: 38%
Magic:  5/16       EV: 11    Int: 31    God:    Cheibriados [**....]
Gold:   419        SH:  0    Dex: 16    Spells: 8/18 levels left

rFire   + . .      SeeInvis +    y - +1 dagger (flame)
rCold   . . .      Faith    .    (no shield)
rNeg    . . .      Spirit   .    a - +0 robe
rPois   +          Reflect  .    t - +0 helmet
rElec   .          Harm     .    u - +0 cloak
rCorr   .          Rampage  .    f - +0 pair of gloves
Will    +....                    (no barding)
Stlth   +++.......               (no amulet)
HPRegen 0.33/turn                I - +6 ring of intelligence
MPRegen 0.15/turn                F - ring of protection from fire

@: mighty, very slow
A: AC +3, large, see invisible, deformed body, poison resistance, slowness 2,
spit poison 1, naga tail 1
a: Spit Poison, Renounce Religion, Bend Time


You were on level 7 of the Dungeon.
You worshipped Cheibriados.
Cheibriados was pleased with you.
You visited 2 branches of the dungeon, and saw 9 of its levels.

You collected 419 gold pieces.


Innate Abilities, Weirdness & Mutations

Your serpentine skin is tough. (AC +3)
You have supernaturally acute eyesight. (SInv)
Armour fits poorly on your strangely shaped body.
Your system is resistant to poisons. (rPois)
You cover ground very slowly.
You can spit poison.
You have a snake-like lower body.


   Skills:
 - Level 6.0 Fighting
 - Level 3.0 Dodging
 + Level 5.1 Stealth
 - Level 5.0 Spellcasting
 - Level 3.0 Conjurations
 + Level 8.3 Fire Magic


You had 8 spell levels left.
You knew the following spells:

 Your Spells              Type           Power      Damage    Failure   Level
f - Foxfire               Conj/Fire      100%       2x1d9     1%          1
r - Inner Flame           Hex/Fire       33%        N/A       3%          3
X - Scorch                Fire           100%       2d10      1%          2
Y - Flame Wave            Conj/Fire      43%        2d11      5%          4

Your spell library contained the following spells:

 Spells                   Type           Power      Damage    Failure   Level
 Magic Dart               Conj           100%       1d8       1%          1
 Kindle Blastsparks       Fire/Tloc/Air  50%        2d14      5%          3
 Call Imp                 Summ           7%         N/A       9%          2
 Mephitic Cloud           Conj/Pois/Air  13%        N/A       11%         3

Inventory:

Hand Weapons
 y - a +1 dagger of flaming (weapon)
Missiles
 z - 3 poisoned darts
Armour
 a - a +0 robe (worn)
 f - a +0 pair of gloves (worn)
 t - a +0 helmet (worn)
 u - a +0 cloak (worn)
Magical Staves
 l - a staff of death {!a}
Jewellery
 D - the amulet of Elemental Vulnerability {rPois rF-- rC-- AC+8}
   (You found it on level 7 of the Dungeon)

   [amulet of nothing]

   AC:        It affects your AC (+8).
   rF:        It makes you very vulnerable to fire.
   rC:        It makes you very vulnerable to cold.
   rPois:     It protects you from poison.
 F - a ring of protection from fire (right hand)
 I - a +6 ring of intelligence (left hand)
Wands
 A - a wand of mindburst (16)
 B - a wand of polymorph (11)
 E - a wand of iceblast (6)
Scrolls
 d - 3 scrolls of blinking {unknown}
 e - 7 scrolls of identify {unknown}
 g - 3 scrolls of enchant armour {unknown}
 h - 2 scrolls of brand weapon {unknown}
 j - 2 scrolls of teleportation {@r2}
 k - 3 scrolls of enchant weapon {unknown}
 m - 2 scrolls of fear {unknown}
 r - a scroll of poison {unknown}
 w - 2 scrolls of vulnerability {unknown}
Potions
 b - a potion of magic
 c - 2 potions of brilliance {unknown}
 i - 4 potions of curing {@q1}
 n - 2 potions of heal wounds {unknown}
 o - 3 potions of flight {unknown}
 p - 2 potions of haste {unknown}
 q - 2 potions of degeneration {unknown}
 s - 3 potions of might
 v - 2 potions of ambrosia {unknown}
 x - a potion of attraction {unknown}
 C - a potion of mutation {unknown}

Dungeon Overview and Level Annotations

Branches:
Dungeon (8/15)             Temple (1/1) D:5
   Lair: D:8-11

Altars:
Ashenzari
Cheibriados
Dithmenos
Elyvilon
Fedhas
Gozag
Hepliaklqana
Kikubaaqudgha
Nemelex Xobeh
Okawaru
Qazlal
Ru
Sif Muna
Trog
Uskayaw
Vehumet
Wu Jian
Xom
Yredelemnul
Zin
The Shining One

Annotations:
D:4 3 runed translucent doors, SigmundSlayer's ghost, amateur OgGl
D:6 Sigmund

..........................#
..#.............##........#
#..............)#<)#§.....#
#.................##......#
#.............()..##......#
#..................#......#
#............[>.......#####
...............J.....##
................@§##.###
.................§##...#
........##......#.####.##
....##..###........# #..#
.....)...#...#.#.#.####.#
.#....#.....#......>.##.#
.#...#...##.#........##.#
.........##.#...........#
.....................#.)#


You could see a slime creature.


Message History

Flames lash the slime creature.
The slime creature is burned terribly!
The slime creature is severely wounded.
The slime creature closely misses you. x2
Unknown command.
Casting: Scorch (safe; 1% risk of failure)
Confirm with . or Enter, or press ? or * to list all spells.
You conjure some foxfire!
The slime creature misses you.
The slime creature hits you but does no damage.
Unknown command.
Casting: Foxfire (safe; 1% risk of failure)
Confirm with . or Enter, or press ? or * to list all spells.
You conjure some foxfire!
The foxfire hits the slime creature!
The slime creature is moderately wounded.
The foxfire hits the slime creature.
The slime creature is burned terribly!
The slime creature is almost dead.
The slime creature hits you.
* * * LOW HITPOINT WARNING * * *
The slime creature hits you!
* * * LOW HITPOINT WARNING * * *
Casting: Foxfire (safe; 1% risk of failure)
Confirm with . or Enter, or press ? or * to list all spells.
Flames lash the slime creature.
The slime creature is burned terribly!
You kill the slime creature!
Cheibriados appreciates the change of pace.
The foxfire hits the slime creature!
The slime creature is heavily wounded.
The foxfire hits the slime creature!
The slime creature is heavily wounded.
The slime creature hits you!
You die...

Skill      XL: |  1  2  3  4  5  6  7  8  9 |
---------------+----------------------------+-----
Fighting       | 1 2 3 5 6 |  6.0
Stealth        | 4 5 |  5.1
Spellcasting   | 3 5 |  5.0
Fire Magic     | 4 5 7 8 |  8.3
Dodging        | 2 3 |  3.0
Conjurations   | 2 3 |  3.0

Action                   |  1- 3 |  4- 6 |  7- 9 || total
-------------------------+-------+-------+-------++-------
Melee: Unarmed           |    19 |    11 |       ||    30
       Dagger            |       |     8 |    36 ||    44
 Cast: Foxfire           |   134 |   128 |   108 ||   370
       Scorch            |       |    11 |    28 ||    39
  Use: Potion            |       |     1 |     2 ||     3
       Scroll            |       |     1 |       ||     1
 Stab: Sleeping          |       |     1 |     1 ||     2
Armor: Robe              |    11 |    12 |    56 ||    79
Dodge: Dodged            |    14 |    13 |    65 ||    92

Levels and vault maps discovered:
D:1:      doesnt_arrival_eight_statues, layout_basic
D:2:      layout_rooms, st_stairs_14, minmay_hexomino_f4
D:3:      corexii_shack_village, layout_rooms, grunt_temple_overflow_holy_war,
          lemuel_coloured_pillars_altar, gammafunk_temple_overflow_wave,
          serial_corexii_hall, corexii_hall_statues_deadend,
          chequers_hall_statues_corner_a
D:4:      layout_cave_pods, nicolae_ashenzari_panopticon, gammafunk_ghost_split
D:5:      layout_basic, nicolae_ru_the_path_less_chosen,
          minmay_temple_entry_large_hall
D:6:      layout_rooms, hellmonk_guarded_unrand_lears, uniq_sigmund
D:7:      layout_rooms
D:8:      layout_loops_cross
Temple:   nicolae_temple_two_arcs

Notes
Turn   | Place    | Note
-------+----------+-------------------------------------------
     0 | D:1      | quinnr the Naga Fire Elementalist began the quest for the
                  | Orb.
     0 | D:1      | Reached XP level 1. HP: 15/15 MP: 3/3
   402 | D:1      | Reached XP level 2. HP: 24/24 MP: 3/5
   955 | D:1      | Reached skill level 1 in Fighting
  1019 | D:1      | Reached XP level 3. HP: 31/31 MP: 4/6
  1885 | D:2      | Reached skill level 4 in Stealth
  2589 | D:3      | Found a blossoming altar of Fedhas.
  2589 | D:3      | Found a shimmering altar of Xom.
  2621 | D:3      | Reached XP level 4. HP: 38/38 MP: 3/7
  2710 | D:3      | Upgraded the game from 0.30-a0-210-g01b79a254e to
                  | 0.30-a0-219-gf2db51d15e
  3214 | D:3      | Learned a level 2 spell: Scorch
  3504 | D:3      | Found a glowing golden altar of the Shining One.
  3509 | D:3      | Found a basalt altar of Yredelemnul.
  3511 | D:3      | Noticed a profane servitor
  3625 | D:3      | Found a shadowy altar of Dithmenos.
  3762 | D:3      | Noticed an angel
  4099 | D:4      | Found a runed translucent gate.
  4099 | D:4      | Found a runed translucent gate.
  4099 | D:4      | Found a runed translucent gate.
  4164 | D:4      | Noticed SigmundSlayer's ghost (amateur OgGl)
  4369 | D:4      | Noticed a scorpion
  4379 | D:4      | Killed a scorpion
  4380 | D:4      | Reached skill level 2 in Fighting
  4380 | D:4      | Reached skill level 5 in Stealth
  4380 | D:4      | Reached skill level 3 in Spellcasting
  4380 | D:4      | Reached skill level 4 in Fire Magic
  4380 | D:4      | Reached XP level 5. HP: 39/45 MP: 1/9
  4888 | D:4      | Found a broken altar of Ashenzari.
  5136 | D:5      | Entered Level 5 of the Dungeon
  5140 | D:5      | Reached skill level 2 in Dodging
  5140 | D:5      | Reached XP level 6. HP: 51/52 MP: 6/10
  5305 | D:5      | Found a staircase to the Ecumenical Temple.
  5408 | Temple   | Entered the Ecumenical Temple
  5523 | Temple   | Became a worshipper of Cheibriados the Contemplative
  5559 | D:5      | Noticed an ice beast
  5627 | D:5      | Reached skill level 3 in Dodging
  5627 | D:5      | Reached skill level 5 in Fire Magic
  5908 | D:5      | Killed an ice beast
  5909 | D:5      | Reached skill level 2 in Conjurations
  5909 | D:5      | Reached XP level 7. HP: 60/60 MP: 1/12
  6282 | D:5      | Found a sacrificial altar of Ru.
  6310 | D:5      | Reached skill level 4 in Spellcasting
  6316 | D:5      | Reached skill level 3 in Conjurations
  6964 | D:5      | Reached * piety under Cheibriados
  6965 | D:5      | Reached skill level 5 in Spellcasting
  7032 | D:6      | Noticed a troll
  7044 | D:6      | Killed a troll
  7045 | D:6      | Reached skill level 3 in Fighting
  7045 | D:6      | Reached XP level 8. HP: 63/69 MP: 8/15
  7069 | D:6      | Reached skill level 4 in Fighting
  7069 | D:6      | Reached skill level 6 in Fire Magic
  7376 | D:6      | Found the +18 Lear's hauberk
  7596 | D:6      | Noticed Sigmund
  7639 | D:6      | Reached skill level 5 in Fighting
  7640 | D:6      | Reached skill level 7 in Fire Magic
  7745 | D:6      | Reached XP level 9. HP: 76/81 MP: 8/16
  7823 | D:7      | Reached ** piety under Cheibriados
  7912 | D:7      | Found the amulet of Elemental Vulnerability {rPois rF--
                  | rC-- AC+8}
  8065 | D:7      | Learned a level 3 spell: Inner Flame
  8070 | D:7      | Learned a level 4 spell: Flame Wave
  8116 | D:7      | Reached skill level 6 in Fighting
  8202 | D:7      | Reached skill level 8 in Fire Magic
  8538 | D:7      | HP: 5/82 [large slime creature (40)]
  8540 | D:7      | HP: 2/82 [slime creature (4)]
  8545 | D:7      | HP: 2/82 [slime creature (10)]
  8546 | D:7      | Mangled by a slime creature

Vanquished Creatures
  A troll (D:6)
  A slime creature (D:7)
  A wraith (D:7)
  A steam dragon (D:6)
  A water moccasin (D:6)
  An ice beast (D:5)
  A black bear (D:7)
  A sky beast (D:7)
  An ogre (D:7)
  2 phantoms (D:5)
  A kobold brigand (D:6)
  2 necrophages
  5 bullfrogs
  2 scorpions
  4 hounds
  3 jellies
  2 orc priests
  An orc wizard (D:5)
  4 iguanas
  3 adders
  2 white imps
  An ufetubus (D:7)
  2 worms (D:2)
  2 dart slugs (D:1)
  18 orcs
  3 endoplasms
  5 giant cockroaches
  6 goblins
  10 hobgoblins
  4 jackals (D:3)
  14 kobolds
  4 quokkas
  5 ball pythons
  6 bats
  4 frilled lizards
  5 rats
129 creatures vanquished.

Vanquished Creatures (collateral kills)
  9 foxfires (D:3)
9 creatures vanquished.

Vanquished Creatures (others)
  589 foxfires
589 creatures vanquished.

Grand Total: 727 creatures vanquished

Table legend: (Time is in decaauts)
 A = Elapsed time spent in this place.
 B = Non-inter-level travel time spent in this place.
 C = Inter-level travel time spent in this place.
 D = Time resting spent in this place.
 E = Time spent auto-exploring this place.
 F = Levels seen in this place.
 G = Mean time per level.
                   A        B        C        D        E       F      G
               +--------+--------+--------+--------+--------+-----+--------+
         Total |  11015 |  10713 |    302 |    438 |   8984 |   9 | 1223.9 |
       Dungeon |  10837 |  10558 |    279 |    438 |   8838 |   8 | 1354.6 |
        Temple |    178 |    155 |     23 |      0 |    145 |   1 |  178.0 |
               +--------+--------+--------+--------+--------+-----+--------+

Top non-repeatable levels by time:
     D:5: 2431 daAuts
     D:4: 1725 daAuts
     D:2: 1624 daAuts
     D:3: 1541 daAuts
     D:1: 1348 daAuts
     D:6: 1159 daAuts
     D:7: 991 daAuts
  Temple: 178 daAuts
     D:8: 13 daAuts

Table legend:
 A = Non-vault XP
 B = Vault XP
 C = Vault XP percentage of total XP
 D = Non-vault monster count
 E = Vault monster count
 F = Vault count percentage of total count
                 A         B        C        D         E       F
            +---------+---------+-------+---------+---------+-------
      Total |    3187 |     315 |   9.0 |     115 |      14 |  10.9
            +---------+---------+-------+---------+---------+-------
        D:1 |      34 |       0 |   0.0 |      18 |       0 |   0.0
        D:2 |      35 |       8 |  18.6 |      18 |       5 |  21.7
        D:3 |      23 |      16 |  41.0 |      13 |       8 |  38.1
        D:4 |     162 |       0 |   0.0 |      13 |       0 |   0.0
        D:5 |     847 |       0 |   0.0 |      18 |       0 |   0.0
        D:6 |     906 |     291 |  24.3 |      14 |       1 |   6.7
        D:7 |    1168 |       0 |   0.0 |      17 |       0 |   0.0
        D:8 |      12 |       0 |   0.0 |       4 |       0 |   0.0
            +---------+---------+-------+---------+---------+-------
